 Dungeon Crawl Stone Soup version 0.30.0-30-g96aa6591b8 (webtiles) character file.

Game seed: 5869921856079145434

1013 DemonSlayer the Magician (level 8, -10/38 (56) HPs)
             Began as a Demonspawn Earth Elementalist on June 27, 2023.
             Mangled by a gnoll sergeant
             ... wielding a +0 trident
              (11 damage)
             ... on level 5 of the Dungeon.
             The game lasted 00:15:43 (7889 turns).

DemonSlayer the Magician (DsEE)                     Turns: 7889, Time: 00:15:44

HP:   -10/38 (56)   AC:  4    Str:  6 (8)  XL:     8   Next: 1%
MP:   16/16         EV: 15    Int: 20      God:
Gold: 257           SH:  0    Dex: 11 (13) Spells: 8/18 levels left

rFire   . . .        j - +0 dagger
rCold   . . .        (no shield)
rNeg    + . .        a - +1 robe
rPois   .            (helmet restricted)
rElec   .            o - +0 cloak
rCorr   +            (no gloves)
SInv    .            (no boots)
Will    .....        w - amulet of magic regeneration
Stlth   ++           u - ring of resist corrosion
HPRegen 0.26/turn    i - ring of positive energy
MPRegen 0.55/turn

%: no passive effects
@: very heavily drained
A: horns 1, repulsion field 2, demonic guardian 1
a: no special abilities


You were on level 5 of the Dungeon.
You visited 1 branch of the dungeon, and saw 7 of its levels.

You collected 257 gold pieces.

Inventory:

Hand Weapons
 j - a +0 dagger (weapon)
Missiles
 b - 4 boomerangs of dispersal
 f - 15 poisoned darts
Armour
 a - a +1 robe (worn)
 o - a +0 cloak (worn)
Jewellery
 e - an amulet of reflection
 i - a ring of positive energy (right hand)
 u - a ring of resist corrosion (left hand)
 w - an amulet of magic regeneration (around neck)
Wands
 t - a wand of polymorph (12)
Scrolls
 d - 2 scrolls of teleportation
 p - a scroll of immolation
 s - 2 scrolls of magic mapping
Potions
 c - 2 potions of flight
 g - 4 potions of curing
 h - a potion of lignification
 k - a potion of attraction {unknown}
 l - a potion of mutation
 q - 2 potions of heal wounds {unknown}
 v - a potion of haste


   Skills:
 + Level 2.1 Fighting
 + Level 1.0 Short Blades
 + Level 0.1 Throwing
 + Level 3.1 Dodging
 + Level 2.5 Stealth
 + Level 1.0 Shields
 + Level 5.9 Spellcasting
 + Level 0.2 Conjurations
 + Level 0.8 Transmutations
 + Level 5.2 Earth Magic


You had 8 spell levels left.
You knew the following spells:

 Your Spells              Type           Power      Damage    Failure   Level
a - Sandblast             Erth           54%        2d13      1%          1
b - Passwall              Tmut/Erth      15%        N/A       4%          2
c - Stone Arrow           Conj/Erth      32%        3d9       11%         3
d - Petrify               Tmut/Erth      18%        N/A       30%         4

Your spell library contained the following spells:

 Spells                   Type           Power      Damage    Failure   Level
 Freeze                   Ice            20%        1d4       11%         1
 Lesser Beckoning         Tloc           10%        N/A       16%         2
 Hailstorm                Conj/Ice       6%         3d4       30%         3
 Frozen Ramparts          Ice            10%        1d2       32%         3
 Gell's Gravitas          Tloc           5%         N/A       32%         3
 Teleport Other           Tloc           5%         N/A       32%         3


Dungeon Overview and Level Annotations

Branches:
Dungeon (7/15)             Temple (0/1) D:6

Altars:
Nemelex Xobeh

Shops:
D:1 =

Annotations:
D:6 Pikel


Innate Abilities, Weirdness & Mutations

You have a pair of small horns on your head.
You are surrounded by a moderate repulsion field. (EV +3)
A weak demonic guardian rushes to your aid.


Message History

Things that are here:
a +0 dagger of draining; a +0 robe; an orc corpse
Found a rapier.
Found 4 stones.
You see here a +0 rapier.
d - 2 scrolls of teleportation (gained 1) 2 gnolls come into view.
There are monsters nearby!
A gnoll sergeant, a gnoll and a hound come into view.
The gnoll sergeant shouts!
The gnoll shouts! x2; You hear a shout! x3
A gnoll comes into view. It is wielding a +0 spear.
A gnoll comes into view. It is wielding a +0 whip.
The hound barks!
The gnoll shouts!
You hear a shout!
The hound barely misses you.
The blast of sand hits the hound!
The hound is almost dead.
The hound closely misses you.
The gnoll sergeant hits you with a +0 trident!
The gnoll throws a throwing net.
The throwing net hits you.
You become entangled in the net!
The hound bites you.
The gnoll hits you from afar with a +0 spear.
The gnoll barely misses you.
The gnoll sergeant hits you with a +0 trident!
You tear a large gash into the net.
The hound bites you.
The gnoll sergeant hits you with a +0 trident.
* * * LOW HITPOINT WARNING * * *
The gnoll hits you from afar with a +0 halberd.
* * * LOW HITPOINT WARNING * * *
A demonic guardian appears!
The gnoll hits you from afar with a +0 spear.
* * * LOW HITPOINT WARNING * * *
The hound bites you.
* * * LOW HITPOINT WARNING * * *
Unknown command.
Unknown command.
Unknown command.
You shred the net and break free! The hound bites you but does no damage.
The gnoll sergeant hits you with a +0 trident!
You die...

### ##.#########
#########.#.........
.........###.#######
#######.## ##....#
##.###.###5####.##
##.#.###g@g......
#..## #h.####.##
###### #.## #gg#
...... #.. ..gg
###### #### ##..#
.... ##### ####
....##### #........


You could see a gnoll sergeant (ally target), a hound, 5 gnolls and a friendly
iron imp (summoned).

Vanquished Creatures
  Sigmund (D:2)
  Edmund (D:5)
  An ogre (D:4)
  A phantom (D:6)
  A bullfrog (D:6)
  A killer bee (D:5)
  3 hounds
  2 orc priests (D:5)
  4 orc wizards
  Terence (D:2)
  7 adders
  A white imp (D:7)
  A worm (D:3)
  5 dart slugs
  13 orcs
  9 endoplasms
  4 giant cockroaches
  5 goblins
  8 hobgoblins
  6 jackals
  7 kobolds
  4 quokkas
  16 ball pythons
  12 bats
  3 frilled lizards
  3 rats
120 creatures vanquished.

Vanquished Creatures (others)
  A sleepcap (D:6)
1 creature vanquished.

Grand Total: 121 creatures vanquished

Notes
Turn   | Place    | Note
-------+----------+-------------------------------------------
     0 | D:1      | DemonSlayer the Demonspawn Earth Elementalist began the
                  | quest for the Orb.
     0 | D:1      | Reached XP level 1. HP: 13/13 MP: 3/3
   533 | D:1      | Gained mutation: You are surrounded by a mild repulsion
                  | field. (EV +2) [demonic ancestry]
   533 | D:1      | Reached XP level 2. HP: 19/19 MP: 1/5
   745 | D:1      | Found Rytaw's Jewellery Emporium.
  1176 | D:1      | Learned a level 2 spell: Passwall
  1185 | D:2      | Reached XP level 3. HP: 23/25 MP: 3/6
  1441 | D:2      | Noticed Sigmund
  1780 | D:2      | Killed Sigmund
  1781 | D:2      | Reached XP level 4. HP: 21/31 MP: 2/9
  1781 | D:2      | Gained mutation: You have a pair of small horns on your
                  | head. [demonic ancestry]
  1781 | D:2      | Reached XP level 5. HP: 24/36 MP: 2/10
  1924 | D:2      | Noticed Terence
  1972 | D:2      | Killed Terence
  1973 | D:2      | Reached skill level 1 in Fighting
  2147 | D:2      | Found a faded altar of an unknown god.
  2383 | D:2      | Learned a level 3 spell: Stone Arrow
  2784 | D:3      | Gained mutation: A weak demonic guardian rushes to your
                  | aid. [demonic ancestry]
  2784 | D:3      | Reached XP level 6. HP: 43/43 MP: 8/11
  3627 | D:4      | You fall into a shaft and drop 2 floors!
  3636 | D:6      | Noticed Pikel
  3669 | D:6      | Noticed a sky beast
  3834 | D:6      | Noticed an acid dragon
  4547 | D:7      | Noticed a sky beast
  4566 | D:6      | Found a sparkling altar of Nemelex Xobeh.
  4740 | D:6      | Reached XP level 7. HP: 40/48 MP: 7/14
  4753 | D:6      | Reached skill level 5 in Spellcasting
  5156 | D:5      | Entered Level 5 of the Dungeon
  5946 | D:4      | Reached skill level 1 in Short Blades
  6081 | D:4      | Reached skill level 1 in Shields
  6730 | D:4      | Learned a level 4 spell: Petrify
  7292 | D:5      | Noticed Edmund
  7302 | D:5      | Killed Edmund
  7303 | D:5      | Reached skill level 5 in Earth Magic
  7710 | D:5      | Gained mutation: You are surrounded by a moderate repulsion
                  | field. (EV +3) [demonic ancestry]
  7710 | D:5      | Reached XP level 8. HP: 6/38 MP: 14/16
  7888 | D:5      | HP: 1/38 [hound (2)]
  7889 | D:5      | Mangled by a gnoll sergeant

Illustrated notes

Levels and vault maps discovered:
D:1:      psy_arrival_dodecagon, layout_rooms, serial_shops,
          nicolae_lakefront_shop
D:2:      layout_loops_cross, shapermc_ecumenical_altar_starsandcircs,
          kennysheep_another_room, uniq_terence, uniq_sigmund
D:3:      layout_loops_ring, roderic_batcave
D:4:      cheibrodos_barr_body, layout_basic
D:5:      layout_loops_ring, serial_shops, shop, uniq_edmund
D:6:      kennysheep_kobold_camp, layout_rooms,
          nemelex_xobeh_ov_fountains_minmay, minmay_temple_entry_statues,
          kennysheep_pointless_box, chequers_garden, nicolae_wooded_promenade,
          amcnicky_mini_pool_small, serial_bayou_pond_b, minmay_joined_circles,
          uniq_pikel
D:7:      layout_loops_ring

Skill      XL: |  1  2  3  4  5  6  7 |
---------------+----------------------+-----
Earth Magic    | 3 4 5 |  5.2
Dodging        | 2 3 |  3.1
Stealth        | 2 |  2.5
Spellcasting   | 3 4 5 |  5.9
Fighting       | 1 2 |  2.1
Short Blades   | 1 |  1.0
Shields        | 1 |  1.0
Throwing       | |  0.1
Conjurations   | |  0.2
Transmutations | |  0.8

Action                     |  1- 3 |  4- 6 |  7- 9 || total
---------------------------+-------+-------+-------++-------
  Melee: Dagger            |     7 |    16 |    52 ||    75
         Headbutt          |       |     2 |     5 ||     7
  Throw: Dart              |     2 |     6 |       ||     8
   Cast: Sandblast         |    52 |    81 |    73 ||   206
         Stone Arrow       |       |       |     7 ||     7
    Use: Potion            |     1 |     2 |     6 ||     9
         Scroll            |       |     7 |     3 ||    10
   Stab: Sleeping          |     1 |       |       ||     1
 Armour: Robe              |     6 |    27 |    23 ||    56
         Skin              |       |       |    22 ||    22
  Dodge: Dodged            |    36 |    74 |    84 ||   194
  Block: Other             |     5 |    29 |    17 ||    51
         Reflection        |       |     2 |       ||     2
